| TOP OF THE 1ST |
|
Auburn Red Stars batting - Pitching for Oneonta Indians : RHP Ken Howell
|
|
Pitching: RHP Ken Howell
|
|
|
Batting: SHB Alan Wiggins
|
0-0: Called Strike 0-1: Called Strike 0-2: Fly out, F7 (Flyball, 7D, EV 106.3 MPH)
|
|
Batting: RHB Clemente Acuna
|
0-0: Ball 1-0: Ball 2-0: Ball 3-0: Called Strike 3-1: Foul Ball, location: 2F 3-2: Foul Ball, location: 2F 3-2: Strikes out looking
|
|
Batting: LHB Ricardo Perrez
|
0-0: Ball 1-0: Ball 2-0: Ball 3-0: Base on Balls
|
|
Batting: RHB Alfredo Torres
|
0-0: Called Strike 0-1: Ball 1-1: Swinging Strike 1-2: Strikes out looking
|
| Top of the 1st over - 0 runs, 0 hits, 0 errors, 1 left on base; Auburn 0 - Oneonta 0 |
| BOTTOM OF THE 1ST |
|
Oneonta Indians batting - Pitching for Auburn Red Stars : RHP Ernest Moya
|
|
Pitching: RHP Ernest Moya
|
|
|
Batting: LHB Steve Swinney
|
0-0: Ball 1-0: Called Strike 1-1: Swinging Strike 1-2: Ball 2-2: Strikes out swinging
|
|
Batting: RHB Keith Flenoir
|
0-0: Foul Ball, location: 2F 0-1: Foul Ball, location: 2F 0-2: Foul Ball, location: 2F 0-2: Ground out 2-3 (Groundball, 2R, EV 73.1 MPH)
|
|
Batting: LHB Lenny Nay
|
0-0: Ball 1-0: Ground out 4-3 (Groundball, 4M, EV 104.4 MPH)
|
| Bottom of the 1st over - 0 runs, 0 hits, 0 errors, 0 left on base; Auburn 0 - Oneonta 0 |
| TOP OF THE 2ND |
|
Auburn Red Stars batting - Pitching for Oneonta Indians : RHP Ken Howell
|
|
Batting: LHB Bruce Fournier
|
0-0: Ball 1-0: Ball 2-0: Called Strike 2-1: Foul Ball, location: 2F 2-2: Ground out 5-3 (Groundball, 56, EV 96.9 MPH)
|
|
Batting: RHB Steve McQueen
|
0-0: Foul Ball, location: 2F 0-1: Ball 1-1: Swinging Strike 1-2: Strikes out swinging
|
|
Batting: LHB Luis Roman
|
0-0: Called Strike 0-1: Ball 1-1: Ground out 6-3 (Groundball, 6M, EV 98.1 MPH)
|
| Top of the 2nd over - 0 runs, 0 hits, 0 errors, 0 left on base; Auburn 0 - Oneonta 0 |
| BOTTOM OF THE 2ND |
|
Oneonta Indians batting - Pitching for Auburn Red Stars : RHP Ernest Moya
|
|
Batting: LHB Frank Martinez
|
0-0: DOUBLE (Line Drive, 7LS, EV 103.8 MPH)
|
|
Batting: RHB Marcos Rodriguez
|
0-0: Called Strike 0-1: Ball 1-1: Swinging Strike 1-2: Ball 2-2: Strikes out swinging
|
|
Batting: RHB Richard James
|
0-0: Called Strike 0-1: Swinging Strike 0-2: Strikes out swinging
|
|
Batting: LHB Gary Venner
|
0-0: Ball 1-0: Foul Ball, location: 2F 1-1: Ball 2-1: Ground out 6-3 (Groundball, 6, EV 88.8 MPH)
|
| Bottom of the 2nd over - 0 runs, 1 hit, 0 errors, 1 left on base; Auburn 0 - Oneonta 0 |
| TOP OF THE 3RD |
|
Auburn Red Stars batting - Pitching for Oneonta Indians : RHP Ken Howell
|
|
Batting: RHB William Chamberlain
|
0-0: Called Strike 0-1: Ball 1-1: Ball 2-1: Foul Ball, location: 2F 2-2: Ball 3-2: Ground out 3-1 (Groundball, 34, EV 78.1 MPH)
|
|
Batting: RHB Antonio Quevedo
|
0-0: Fly out, F3 (Popup, 23F, EV 80.6 MPH)
|
|
Batting: SHB Alan Wiggins
|
0-0: Ball 1-0: Fly out, F8 (Flyball, 8RM, EV 71.3 MPH)
|
| Top of the 3rd over - 0 runs, 0 hits, 0 errors, 0 left on base; Auburn 0 - Oneonta 0 |
| BOTTOM OF THE 3RD |
|
Oneonta Indians batting - Pitching for Auburn Red Stars : RHP Ernest Moya
|
|
Batting: RHB Patrick O'Hara
|
0-0: Ball 1-0: Swinging Strike 1-1: Ball 2-1: Ball 3-1: Called Strike 3-2: Strikes out swinging
|
|
Batting: RHB Alberto Zappala
|
0-0: Ball 1-0: Ball 2-0: Called Strike 2-1: Called Strike 2-2: Ball 3-2: Fly out, F9 (Flyball, 9LS, EV 85.6 MPH)
|
|
Batting: LHB Steve Swinney
|
0-0: Called Strike 0-1: Ball 1-1: Hit by Pitch
|
|
Batting: RHB Keith Flenoir
|
0-0: Called Strike 0-1: Called Strike 0-2: Ball 1-2: Strikes out looking
|
| Bottom of the 3rd over - 0 runs, 0 hits, 0 errors, 1 left on base; Auburn 0 - Oneonta 0 |
| TOP OF THE 4TH |
|
Auburn Red Stars batting - Pitching for Oneonta Indians : RHP Ken Howell
|
|
Batting: RHB Clemente Acuna
|
0-0: Ball 1-0: Swinging Strike 1-1: Ball 2-1: Foul Ball, location: 2F 2-2: Foul Ball, location: 2F 2-2: Foul Ball, location: 2F 2-2: Strikes out swinging
|
|
Batting: LHB Ricardo Perrez
|
0-0: Fly out, F8 (Flyball, 8LD, EV 105.0 MPH)
|
|
Batting: RHB Alfredo Torres
|
0-0: Ball 1-0: Ball 2-0: Ball 3-0: Called Strike 3-1: Swinging Strike 3-2: Base on Balls
|
|
Batting: LHB Bruce Fournier
|
0-0: Ball 1-0: Ball 2-0: Foul Ball, location: 2F 2-1: Fly out, F7 (Flyball, 78XD, EV 98.8 MPH)
|
| Top of the 4th over - 0 runs, 0 hits, 0 errors, 1 left on base; Auburn 0 - Oneonta 0 |
| BOTTOM OF THE 4TH |
|
Oneonta Indians batting - Pitching for Auburn Red Stars : RHP Ernest Moya
|
|
Batting: LHB Lenny Nay
|
0-0: Fly out, F6 (Popup, 6M, EV 70.6 MPH)
|
|
Batting: LHB Frank Martinez
|
0-0: SINGLE (Line Drive, 6MD, EV 106.3 MPH)
|
|
Batting: RHB Marcos Rodriguez
|
0-0: Called Strike 0-1: Grounds into double play, 6-4-3 (Groundball, 6, EV 83.8 MPH)
|
| Bottom of the 4th over - 0 runs, 1 hit, 0 errors, 0 left on base; Auburn 0 - Oneonta 0 |
| TOP OF THE 5TH |
|
Auburn Red Stars batting - Pitching for Oneonta Indians : RHP Ken Howell
|
|
Batting: RHB Steve McQueen
|
0-0: Swinging Strike 0-1: Ball 1-1: Foul Ball, location: 2F 1-2: Strikes out swinging
|
|
Batting: LHB Luis Roman
|
0-0: Called Strike 0-1: Ground out 4-3 (Groundball, 34, EV 79.4 MPH)
|
|
Batting: RHB William Chamberlain
|
0-0: Called Strike 0-1: Swinging Strike 0-2: Ball 1-2: Strikes out looking
|
| Top of the 5th over - 0 runs, 0 hits, 0 errors, 0 left on base; Auburn 0 - Oneonta 0 |
| BOTTOM OF THE 5TH |
|
Oneonta Indians batting - Pitching for Auburn Red Stars : RHP Ernest Moya
|
|
Batting: RHB Richard James
|
0-0: Called Strike 0-1: Ball 1-1: Swinging Strike 1-2: Foul Ball, location: 2F 1-2: Fly out, F8 (Line Drive, 8RD, EV 89.4 MPH)
|
|
Batting: LHB Gary Venner
|
0-0: Called Strike 0-1: Ball 1-1: Ball 2-1: Fly out, F8 (Line Drive, 8RM, EV 85.6 MPH)
|
|
Batting: RHB Patrick O'Hara
|
0-0: Called Strike 0-1: Called Strike 0-2: Foul Ball, location: 2F 0-2: Strikes out swinging
|
| Bottom of the 5th over - 0 runs, 0 hits, 0 errors, 0 left on base; Auburn 0 - Oneonta 0 |
| TOP OF THE 6TH |
|
Auburn Red Stars batting - Pitching for Oneonta Indians : RHP Ken Howell
|
|
Batting: RHB Antonio Quevedo
|
0-0: Ball 1-0: Called Strike 1-1: Foul Ball, location: 2F 1-2: Foul Ball, location: 2F 1-2: Ball 2-2: Ground out 4-3 (Groundball, 4M, EV 92.5 MPH)
|
|
Batting: SHB Alan Wiggins
|
0-0: Ball 1-0: Fly out, F5 (Popup, 5SF, EV 72.5 MPH)
|
|
Batting: RHB Clemente Acuna
|
0-0: Foul Ball, location: 2F 0-1: Foul Ball, location: 2F 0-2: Ball 1-2: Ground out 1-3 (Groundball, 13S, EV 68.1 MPH)
|
| Top of the 6th over - 0 runs, 0 hits, 0 errors, 0 left on base; Auburn 0 - Oneonta 0 |
| BOTTOM OF THE 6TH |
|
Oneonta Indians batting - Pitching for Auburn Red Stars : RHP Ernest Moya
|
|
Batting: RHB Alberto Zappala
|
0-0: Ball 1-0: Called Strike 1-1: SINGLE (Groundball, 34D, EV 100.0 MPH)
|
|
Batting: LHB Steve Swinney
|
0-0: Bunted foul 0-1: Sac Bunt to 15S - play at first, batter OUT! 1-4 Alberto Zappala to second
|
|
Batting: RHB Keith Flenoir
|
0-0: Ball 1-0: Called Strike 1-1: SINGLE (Groundball, 5S, EV 69.4 MPH) (infield hit) Alberto Zappala to third
|
|
Batting: LHB Lenny Nay
|
0-0: Called Strike 0-1: SINGLE (Line Drive, 5D, EV 100.6 MPH) Alberto Zappala scores Keith Flenoir to second
|
|
Batting: LHB Frank Martinez
|
0-0: Foul Ball, location: 2F 0-1: Foul Ball, location: 2F 0-2: Ground out 5-3 (Groundball, 56S, EV 77.5 MPH) Keith Flenoir to third Lenny Nay to second
|
|
Batting: RHB Marcos Rodriguez
|
0-0: Ball 1-0: Called Strike 1-1: Ball 2-1: Foul Ball, location: 2F 2-2: Fly out, F9 (Flyball, 9, EV 83.8 MPH)
|
| Bottom of the 6th over - 1 run, 3 hits, 0 errors, 2 left on base; Auburn 0 - Oneonta 1 |
| TOP OF THE 7TH |
|
Auburn Red Stars batting - Pitching for Oneonta Indians : RHP Ken Howell
|
|
Batting: LHB Ricardo Perrez
|
0-0: Ground out 4-3 (Groundball, 34, EV 93.8 MPH)
|
|
Batting: RHB Alfredo Torres
|
0-0: Ball 1-0: Foul Ball, location: 2F 1-1: Ground out 6-3 (Groundball, 6, EV 102.5 MPH)
|
|
Batting: LHB Bruce Fournier
|
0-0: Fly out, F8 (Line Drive, 8LM, EV 87.5 MPH)
|
| Top of the 7th over - 0 runs, 0 hits, 0 errors, 0 left on base; Auburn 0 - Oneonta 1 |
| BOTTOM OF THE 7TH |
|
Oneonta Indians batting - Pitching for Auburn Red Stars : RHP Ernest Moya
|
|
Batting: RHB Richard James
|
0-0: Ball 1-0: Ball 2-0: Called Strike 2-1: Ground out 5-3 (Groundball, 5L, EV 106.3 MPH)
|
|
Batting: LHB Gary Venner
|
0-0: Ground out U3 (Groundball, 34S, EV 82.5 MPH)
|
|
Batting: RHB Patrick O'Hara
|
0-0: Ball 1-0: Ball 2-0: SINGLE (Line Drive, 6MD, EV 98.8 MPH)
|
|
Batting: RHB Alberto Zappala
|
0-0: Swinging Strike 0-1: Fly out, F9 (Line Drive, 9, EV 88.1 MPH)
|
| Bottom of the 7th over - 0 runs, 1 hit, 0 errors, 1 left on base; Auburn 0 - Oneonta 1 |
| TOP OF THE 8TH |
|
Auburn Red Stars batting - Pitching for Oneonta Indians : RHP Ken Howell
|
|
Batting: RHB Steve McQueen
|
0-0: Called Strike 0-1: Ball 1-1: Ball 2-1: Ball 3-1: Base on Balls
|
|
Batting: LHB Luis Roman
|
0-0: Ball 1-0: Fly out, F6 (Popup, 6, EV 72.5 MPH)
|
|
Batting: RHB William Chamberlain
|
0-0: Grounds into double play, 4-6-3 (Groundball, 4, EV 85.0 MPH)
|
| Top of the 8th over - 0 runs, 0 hits, 0 errors, 0 left on base; Auburn 0 - Oneonta 1 |
| BOTTOM OF THE 8TH |
|
Oneonta Indians batting - Pitching for Auburn Red Stars : RHP Ernest Moya
|
|
Batting: LHB Steve Swinney
|
0-0: Ball 1-0: Ground out 4-3 (Groundball, 4M, EV 105.0 MPH)
|
|
Batting: RHB Keith Flenoir
|
0-0: Foul Ball, location: 2F 0-1: Ball 1-1: Foul Ball, location: 2F 1-2: Ball 2-2: Strikes out swinging
|
|
Batting: LHB Lenny Nay
|
0-0: Called Strike 0-1: Ball 1-1: Foul Ball, location: 2F 1-2: Ball 2-2: Foul Ball, location: 2F 2-2: Strikes out looking
|
| Bottom of the 8th over - 0 runs, 0 hits, 0 errors, 0 left on base; Auburn 0 - Oneonta 1 |
| TOP OF THE 9TH |
|
Auburn Red Stars batting - Pitching for Oneonta Indians : RHP Ken Howell
|
|
Now at 1B: Kirk Richmond
|
|
|
Pinch Hitting: RHB Tom Howser
|
0-0: Ball 1-0: Called Strike 1-1: Swinging Strike 1-2: Foul Ball, location: 2F 1-2: Ball 2-2: Ball 3-2: Foul Ball, location: 2F 3-2: Foul Ball, location: 2F 3-2: SINGLE (Groundball, 6M, EV 99.4 MPH)
|
|
Batting: SHB Alan Wiggins
|
0-0: Ball 1-0: Ball 2-0: Bunted foul 2-1: Ball 3-1: Bunted foul 3-2: Foul Ball, location: 2F 3-2: Foul Ball, location: 2F 3-2: SINGLE (Groundball, 4D, EV 105.0 MPH) Tom Howser to second Runner from 2nd tries for 3rd, SAFE, throw by RF made to third
|
|
Batting: RHB Clemente Acuna
|
0-0: Called Strike 0-1: Fly out, F9 (Flyball, 9, EV 88.8 MPH) Runner from 3rd tags up, SCORES, no throw by RF
|
|
Pitching: LHP Mike Dalton
|
|
|
Batting: RHB Larry Pittman
|
0-0: Ball 1-0: Foul Ball, location: 2F 1-1: Ball 2-1: Ball 3-1: Foul Ball, location: 2F 3-2: Foul Ball, location: 2F 3-2: Fly out, F9 (Flyball, 9, EV 90.6 MPH)
|
|
Batting: RHB Alfredo Torres
|
0-0: Ball 1-0: Called Strike 1-1: Ball 2-1: Called Strike 2-2: SINGLE (Line Drive, 56D, EV 99.4 MPH) Alan Wiggins to second Alan Wiggins to third
|
|
Pinch Hitting: RHB Jose Rodriguez
|
0-0: Ball 1-0: Ball 2-0: Called Strike 2-1: Foul Ball, location: 2F 2-2: Foul Ball, location: 2F 2-2: Strikes out looking
|
| Top of the 9th over - 1 run, 3 hits, 0 errors, 2 left on base; Auburn 1 - Oneonta 1 |
| BOTTOM OF THE 9TH |
|
Oneonta Indians batting - Pitching for Auburn Red Stars : RHP Ernest Moya
|
|
Pitching: LHP Gene Walter
|
|
|
Now at 1B: Jose Rodriguez
|
|
|
Now at 2B: Tom Howser
|
|
|
Pinch Hitting: RHB David Stone
|
0-0: SOLO HOME RUN (Flyball, 89XD, EV 91.3 MPH), Distance : 414 ft
|
| Bottom of the 9th over - 1 run, 1 hit, 0 errors, 0 left on base; Auburn 1 - Oneonta 2 |
|